 Dungeon Crawl Stone Soup version 0.28-a0-474-g535839065c (webtiles) character file.

Game seed: 14091995875262142157

44 TrogsFancyHat the Chopper (level 3, 0/33 HPs)
             Began as a Hill Orc Monk on Sept 15, 2021.
             Slain by an orc wizard (2 damage)
             ... on level 3 of the Dungeon.
             The game lasted 00:03:33 (1476 turns).

TrogsFancyHat the Chopper (Hill Orc Monk)           Turns: 1476, Time: 00:03:33

Health: 0/33       AC: 11    Str: 14    XL:     3   Next: 62%
Magic:  3/3        EV:  6    Int: 10    God:
Gold:   18         SH:  0    Dex: 13    Spells: 2/2 levels left

rFire   . . .      SeeInvis .   a - +0 hand axe
rCold   . . .      Faith    .   (no shield)
rNeg    . . .      Spirit   .   d - +0 chain mail
rPois   .          Reflect  .   (no helmet)
rElec   .          Harm     .   (no cloak)
rCorr   .          Rampage  .   f - +2 pair of gloves
Will    .....                   (no boots)
Stlth   ..........              (no amulet)
HPRegen 0.11/turn               (no ring)
MPRegen 0.08/turn               (no ring)

@: no status effects
A: no striking features
a: no special abilities


You were on level 3 of the Dungeon.
You visited 1 branch of the dungeon, and saw 4 of its levels.

You collected 18 gold pieces.

Inventory:

Hand Weapons
 a - a +0 hand axe (weapon)
Armour
 d - a +0 chain mail (worn)
 f - a +2 pair of gloves (worn)
Wands
 l - a wand of charming (7)
Scrolls
 e - a scroll of enchant armour {unknown}
 h - a scroll of noise {unknown}
 i - 2 scrolls of teleportation {unknown}
 j - a scroll of immolation {unknown}
 k - a scroll of torment {unknown}
Potions
 b - 2 potions of heal wounds {unknown}
 c - a potion of curing {unknown}
 g - a potion of might {unknown}


   Skills:
 + Level 4.2 Fighting
 + Level 4.7 Axes
 + Level 2.9 Dodging
 - Level 1.5 Stealth


You had 2 spell levels left.
You didn't know any spells.
Your spell library was empty.

Dungeon Overview and Level Annotations

Branches:
Dungeon (4/15)
 Temple: D:4-7

Altars:

Shops:
D:1 ?

Annotations:
D:2 Sigmund


Message History

You climb upwards.
The orc hits you with a +0 dagger.
* * * LOW HITPOINT WARNING * * *
There is a stone staircase leading down here.
Aiming: Charm
Press: ? - help, Shift-Dir - straight line, f - orc
Aim: an orc, wielding a +0 dagger (moderately wounded, chance to affect: 63%)
The orc is charmed.
The orc wizard points at you and mumbles some strange words.
You resist with significant effort. What are your orders? t - Shout!
Orders for allies: a - Attack new target. p - Attack previous target. r - Retreat! s - Stop attacking. g - Guard the area. f - Follow me.
Anything else - Cancel.
Gang up on whom?
Press: ? - help, Dir - move target, f - orc wizard, p - orc
Aim: an orc wizard, wielding a +0 dagger and wearing a +0 robe (lightly wounded) Attack!
The orc wizard hits you with a +0 dagger.
* * * LOW HITPOINT WARNING * * *
Your orc hits the orc wizard with a +0 dagger.
Your orc hits the orc wizard with a +0 dagger.
Your chain mail prevents you from hitting the orc wizard.
The orc wizard is moderately wounded.
The orc wizard hits you but does no damage.
Your orc misses the orc wizard. You hit the orc wizard.
The orc wizard is moderately wounded.
The orc wizard hits you but does no damage.
Your orc hits the orc wizard with a +0 dagger.
You hit the orc wizard but do no damage.
The orc wizard is moderately wounded.
The orc wizard hits you with a +0 dagger.
* * * LOW HITPOINT WARNING * * *
Your orc hits the orc wizard with a +0 dagger.
You hit the orc wizard.
The orc wizard is severely wounded.
The orc wizard hits you with a +0 dagger.
You die...

### #........# ##
#........#
.####........#
...##........#
............## ###
.............# #.#
.............###.#
....#........#.#.####
..#.#...........@...#
................o..##
.........###.#...o.#
#.##.....# #.#.....#
...#.....###[...##.#
.........o..##.## .#
..####....†#### .# .
###..)....# ..
#.......#.# .


You could see an orc wizard (ally target) and a friendly orc (charmed).

Vanquished Creatures
  A worm (D:3)
  3 orcs (D:3)
  4 ball pythons (D:1)
  An endoplasm (D:1)
  3 giant cockroaches
  2 goblins
  4 hobgoblins (D:1)
  2 jackals (D:3)
  A quokka (D:1)
  3 bats (D:1)
  A kobold (D:1)
  3 rats
28 creatures vanquished.

Vanquished Creatures (others)
  An adder (D:3)
  An orc (D:3)
2 creatures vanquished.

Grand Total: 30 creatures vanquished

Notes
Turn   | Place    | Note
-------+----------+-------------------------------------------
     0 | D:1      | TrogsFancyHat the Hill Orc Monk began the quest for the
                  | Orb.
     0 | D:1      | Reached XP level 1. HP: 19/19 MP: 1/1
   248 | D:1      | Reached XP level 2. HP: 20/27 MP: 2/2
   348 | D:1      | Found Opnafasm's Magic Scroll Boutique.
   406 | D:1      | Found a faded altar of an unknown god.
  1191 | D:2      | Reached XP level 3. HP: 33/33 MP: 3/3
  1206 | D:2      | Noticed Sigmund
  1476 | D:3      | Slain by an orc wizard

Illustrated notes

Levels and vault maps discovered:
D:1:      amcnicky_arrival_single_pillar, layout_basic,
          shapermc_ecumenical_altar_mp_highgroup, serial_shops, shop
D:2:      layout_loops_ring, serial_shops, shop, uniq_terence, uniq_natasha,
          uniq_sigmund
D:3:      layout_basic, amcnicky_altar_gilded, serial_shops, shop,
          minmay_splitting_lines, minmay_cupped
D:4:      layout_rooms, temple_statues

Skill      XL: |  1  2 |
---------------+-------+-----
Fighting       | 4 |  4.2
Axes           | |  4.7
Dodging        | |  2.9
Stealth        | |  1.5

Action                   || total
-------------------------++-------
Melee: Hand axe          ||   103
Evoke: Wand              ||     3
 Stab: Sleeping          ||     1
Armor: Chain mail        ||    75
       Robe              ||     2
Dodge: Dodged            ||    31

Table legend: (Time is in decaauts)
 A = Elapsed time spent in this place.
 B = Non-inter-level travel time spent in this place.
 C = Inter-level travel time spent in this place.
 D = Time resting spent in this place.
 E = Time spent auto-exploring this place.
 F = Levels seen in this place.
 G = Mean time per level.
                   A        B        C        D        E       F      G
               +--------+--------+--------+--------+--------+-----+--------+
         Total |   1484 |   1446 |     38 |      0 |   1139 |   4 |  371.0 |
       Dungeon |   1484 |   1446 |     38 |      0 |   1139 |   4 |  371.0 |
               +--------+--------+--------+--------+--------+-----+--------+

Top non-repeatable levels by time:
     D:1: 1128 daAuts
     D:3: 232 daAuts
     D:2: 122 daAuts
     D:4: 1 daAuts
